 Dungeon Sprint DCSS version 0.21-a0-405-gf2af9a1 (webtiles) character file.

7 Kidiri the Sneak (level 1, -2/9 HPs)
             Began as a Spriggan Enchanter on Nov 1, 2017.
             Slain by a leopard gecko (3 damage)
             ... in the Dungeon (Sprint IX: "|||||||||||||||||||||||||||||").
             The game lasted 00:01:23 (230 turns).

Kidiri the Sneak (Spriggan Enchanter)                Turns: 230, Time: 00:01:24

Health: -2/9       AC:  2    Str:  4    XL:     1   Next: 83%
Magic:  1/5        EV: 19    Int: 16    God:
Gold:   0          SH:  0    Dex: 16    Spells: 5/6 levels left

rFire    . . .     SeeInvis +   a - +1 dagger
rCold    . . .     Gourm    .   (shield restricted)
rNeg     . . .     Faith    .   b - +0 robe
rPois    .         Spirit   .   (helmet restricted)
rElec    .         Reflect  .   (no cloak)
rCorr    .         Harm     .   (gloves unavailable)
MR       .....     NoTele   +   (boots unavailable)
Stlth    +++.......             (no amulet)
HPRegen  0.03/turn              (no ring)
MPRegen  0.09/turn              (no ring)

@: very slightly contaminated, very quick
A: unfitting armour, see invisible, herbivore 3, speed 3, slow metabolism 2
a: no special abilities


You were in the Dungeon.
You were not hungry.

You visited 1 branch

Inventory:

Hand Weapons
 a - a +1 dagger (weapon)
Armour
 b - a +0 robe (worn)
Scrolls
 j - a scroll of blinking
Potions
 g - a potion of haste
 h - 2 potions of magic
 i - a potion of berserk rage
Books
 c - a book of Maledictions

   Spells                             Type                      Level
   a - Corona                         Hexes                        1
   b - Ensorcelled Hibernation        Hexes/Ice                    2
   c - Confuse                        Hexes                        3
   d - Tukima's Dance                 Hexes                        3
   e - Dazzling Spray                 Conjuration/Hexes            3
Comestibles
 d - a bread ration


   Skills:
 + Level 0.4 Fighting
 * Level 1.9 Short Blades
 + Level 0.4 Armour
 * Level 3.7 Dodging
 * Level 5.0 Stealth
 * Level 3.3 Spellcasting
 + Level 3.9 Hexes


You had 5 spell levels left.
You knew the following spells:

 Your Spells              Type           Power        Failure   Level  Hunger
a - Corona                Hex            ###....      3%          1    None


Dungeon Overview and Level Annotations

Branches:
Dungeon (1/1)

Altars:


Innate Abilities, Weirdness & Mutations

You are very small and have problems with some larger weapons.
You are too small for most types of armour.
You have supernaturally acute eyesight. (SInv)
You are a herbivore.
You cover ground extremely quickly.
You need consume almost no food.


Message History

The leopard gecko closely misses you. The crimson imp hits you.
You hit the crimson imp.
The crimson imp is lightly wounded.
The leopard gecko bites you.
* * * LOW HITPOINT WARNING * * *
The crimson imp closely misses you.
You barely miss the crimson imp.
The crimson imp is lightly wounded.
The leopard gecko barely misses you. The crimson imp barely misses you.
Unknown command.
You closely miss the crimson imp.
The leopard gecko completely misses you.
The crimson imp closely misses you.
Unknown command.
You miss the crimson imp. The leopard gecko closely misses you.
The crimson imp completely misses you.
You hit the crimson imp but do no damage.
The leopard gecko misses you. The crimson imp closely misses you.
The leopard gecko bites you.
You die...

▓.▓
▓.▓
▓.▓
▓.▓
▓.▓
▓l▓
▓Z▓
▓l▓
▓@▓
▓5▓
▓%▓
▓'▓
▓.▓
▓.▓
▓.▓
▓<▓
▓▓▓


You could see a crimson imp, a giant cockroach zombie and 2 leopard geckos.

Vanquished Creatures
  An orc (D)
  2 bats (D)
  A kobold (D)
  2 rats (D)
6 creatures vanquished.

Notes
Turn   | Place    | Note
-------+----------+-------------------------------------------
     0 | D        | Kidiri the Spriggan Enchanter began the quest for the Orb.
     0 | D        | Reached XP level 1. HP: 9/9 MP: 5/5
   210 | D        | Noticed a crimson imp
   215 | D        | Reached skill level 5 in Stealth
   230 | D        | Slain by a leopard gecko

Vault maps used:
D:        linesprint

Skill      XL: |  1 |
---------------+----+-----
Spellcasting   | 3 |  3.3
Stealth        | 5 |  5.0
Fighting       | |  0.4
Short Blades   | |  1.9
Armour         | |  0.4
Dodging        | |  3.7
Hexes          | |  3.9

Action                   || total
-------------------------++-------
Melee: Dagger            ||    40
 Cast: Corona            ||     4
  Use: Potion            ||     2
 Stab: Sleeping          ||     1
Armor: Robe              ||    10
Dodge: Dodged            ||    42

Table legend:
 A = Spawn XP
 B = Non-spawn XP
 C = Spawn XP percentage of total XP
 D = Spawn monster count
 E = Non-spawn monster count
 F = Spawn count percentage of total count
 G = Total turns spent on level
                    A         B        C        D         E        F      G
               +---------+---------+-------+---------+---------+-------+---------
         Total |       0 |      10 |   0.0 |       0 |       6 |   0.0 |   230
               +---------+---------+-------+---------+---------+-------+---------
             D |       0 |      10 |   0.0 |       0 |       6 |   0.0 |   230
               +---------+---------+-------+---------+---------+-------+---------
